 Dungeon Crawl Stone Soup version 0.31-a0-1098-g6898e6545c (webtiles) character file.

Game seed: 13416744510745509675

4959 theswoord the Cruncher (level 10, -3/76 HPs)
             Began as a Demonspawn Gladiator on Nov 30, 2023.
             Was a Priest of Ru.
             Slain by a komodo dragon (16 damage)
             ... on level 1 of the Lair of Beasts.
             The game lasted 00:15:54 (7680 turns).

theswoord the Cruncher (Demonspawn Gladiator)       Turns: 7680, Time: 00:15:56

Health: -3/76      AC: 16    Str: 25    XL:     10   Next: 28%
Magic:  10/10      EV: 10    Int:  9    God:    Ru [***...]
Gold:   628        SH:  5    Dex: 16    Spells: 9/9 levels left

rFire   . . .        a - +1 quarterstaff
rCold   . . .        (shield currently unavailable)
rNeg    . . .        m - +1 plate armour
rPois   +            (helmet unavailable)
rElec   .            g - scarf {rC+ rF+}
rCorr   .            t - +2 pair of gloves of Biuseonea {-Cast -Tele rPois Str+8}
SInv    +            (no boots)
Will    .....        s - amulet of reflection Stlth
                     (no ring)
HPRegen 0.32/turn    (no ring)
MPRegen 0.12/turn

%: no teleportation, no spellcasting, reflection
@: frozen, attractive, very slow
A: antennae 3, repulsion field 1, foul stench 1, powered by death 2, no stealth,
temperature sensitive
a: Renounce Religion, Draw Out Power


You were on level 1 of the Lair of Beasts.
You worshipped Ru.
Ru was most pleased with you.
You visited 2 branches of the dungeon, and saw 10 of its levels.

You collected 628 gold pieces.

Inventory:

Hand Weapons
 a - a +1 quarterstaff (weapon)
Missiles
 d - a throwing net (quivered)
Armour
 g - a scarf of resistance (worn)
 m - a +1 plate armour (worn)
 o - a +1 helmet of see invisible
 t - the +2 pair of gloves of Biuseonea (worn) {-Cast -Tele rPois Str+8}
   (You found it on level 3 of the Dungeon)

   Str+8:     It affects your strength (+8).
   rPois:     It protects you from poison -Cast: It prevents spellcasting.
   -Tele:     It prevents most forms of teleportation.
Jewellery
 n - an amulet of magic regeneration
 s - an amulet of reflection (around neck)
 x - a ring of wizardry
 y - the ring of Springtime {Fire Will+ MP-9 Int+4}
   (You found it on level 8 of the Dungeon)

   [ring of fire]

   Fire:      It enhances your fire magic.
   Int+4:     It affects your intelligence (+4).
   rF+:       It protects you from fire.
   rC-:       It makes you vulnerable to cold.
   Will+:     It increases your willpower.
   MP-9:      It affects your magic capacity (-9).
Talismans
 c - a maw talisman
 v - a flux talisman
Wands
 l - a wand of charming (7)
Scrolls
 b - a scroll of amnesia
 e - 4 scrolls of identify
 h - 2 scrolls of fog
 k - a scroll of torment
 p - 4 scrolls of noise
 r - a scroll of enchant weapon
 A - 4 scrolls of teleportation
Potions
 f - 2 potions of brilliance
 i - a potion of lignification
 j - a potion of degeneration
 w - 3 potions of curing
 z - a potion of heal wounds


   Skills:
 + Level 6.2 Fighting
 - Level 12.0 Staves
 - Level 1.7 Throwing
 + Level 5.1 Armour
 + Level 2.9 Dodging


You had 9 spell levels left.
You didn't know any spells.
Your spell library contained the following spells:

 Spells                   Type           Power      Damage    Failure   Level
 Blink                    Tloc           0%         N/A       100%        2
 Lesser Beckoning         Tloc           0%         N/A       100%        2
 Momentum Strike          Conj/Tloc      0%         3d8       100%        2
 Call Canine Familiar     Summ           0%         N/A       100%        3
 Sigil of Binding         Hex            0%         N/A       100%        3
 Dimensional Bullseye     Hex/Tloc       0%         N/A       100%        4
 Leda's Liquefaction      Hex/Erth       0%         N/A       100%        4


Dungeon Overview and Level Annotations

Branches:
Dungeon (9/15)             Temple (0/1) D:6            Lair (1/5) D:9
    Orc: D:9-12

Altars:
Ashenzari
Cheibriados
Hepliaklqana
Nemelex Xobeh
Qazlal
Ru
Trog
Uskayaw
Vehumet
Wu Jian


Innate Abilities, Weirdness & Mutations

You have a pair of large antennae on your head. (SInv)
You are surrounded by a mild repulsion field. (EV +2)
You may rarely emit foul miasma when damaged in melee.
You regenerate health from kills.
You cannot be stealthy.
You are sensitive to extremes of temperature. (rF-, rC-)


Message History

Your rime drake dies!
Your rime drake's corpse dissolves into shadows!
The black mamba closely misses your water moccasin.
Unknown command.
You sock the komodo dragon!
Your water moccasin is no longer encased in ice.
The komodo dragon is stunned by your conviction and fails to attack.
Your water moccasin barely misses the komodo dragon.
The black mamba bites your water moccasin!!
Your water moccasin dies!
Your water moccasin's corpse dissolves into shadows!
You hit the komodo dragon. The komodo dragon barely misses you.
You hit the komodo dragon but do no damage.
The komodo dragon bites you but does no damage.
Unknown command.
You completely miss the komodo dragon. The black mamba bites your black bear!
The rime drake breathes ice at you. The icy flash freeze hits you!!
* * * LOW HITPOINT WARNING * * *
You are encased in ice.
The black mamba bites your black bear!
Your black bear dies!
Your black bear's corpse dissolves into shadows!
You hit the komodo dragon but do no damage.
The komodo dragon bites you but does no damage.
You feel attractive to monsters.
The komodo dragon is stunned by your conviction and fails to attack.
You block the komodo dragon's attack.
You closely miss the komodo dragon.
You hit the komodo dragon but do no damage.
The ice encasing you melts away. The rime drake barely misses you.
The komodo dragon completely misses you.
You hit the rime drake but do no damage.
The rime drake breathes ice at you. The icy flash freeze hits you!
* * * LOW HITPOINT WARNING * * *
You are encased in ice.
The komodo dragon bites you!
You die...

#.. # ##..
#.##...#####
..........P##
......#...###.
#..S..P...P..
#..lP...P....
,#@k'''#
##.....##
+..<....+
+.....>.+
+..)8...+
+.......+
+....>..+
##.....##
#+++++#


You could see a komodo dragon, a black mamba and a rime drake (catching breath).

Vanquished Creatures
  Jeremiah (D:8)
  A troll (D:9)
  2 wyverns
  2 steam dragons
  Grum (D:8)
  The ghost of Pericco the Trooper, an amateur OgBe of Trog (D:5)
  3 water moccasins
  2 orc warriors (D:9)
  An ice beast (D:8)
  2 ogres
  2 sky beasts
  4 black bears
  3 wolves (D:8)
  3 centaurs
  A phantom (D:5)
  4 bullfrogs
  A gnoll sergeant (D:9)
  4 scorpions
  9 wights
  6 killer bees (D:9)
  A jelly (D:8)
  A crimson imp (D:4)
  2 hounds (D:6)
  5 orc priests
  A gnoll bouda (D:4)
  Terence (D:3)
  4 orc wizards
  7 gnolls
  3 adders
  4 white imps
  5 ufetubi
  3 worms (D:2)
  2 dart slugs
  29 orcs
  6 endoplasms
  5 giant cockroaches
  5 goblins
  5 hobgoblins
  9 kobolds
  2 quokkas
  7 ball pythons
  7 bats
  6 frilled lizards
  8 rats
181 creatures vanquished.

Vanquished Creatures (others)
  An ufetubus (D:6)
1 creature vanquished.

Grand Total: 182 creatures vanquished

Notes
Turn   | Place    | Note
-------+----------+-------------------------------------------
     0 | D:1      | theswoord the Demonspawn Gladiator began the quest for the
                  | Orb.
     0 | D:1      | Reached XP level 1. HP: 16/16 MP: 1/1
   212 | D:1      | Reached skill level 3 in Staves
   255 | D:1      | Gained mutation: You may rarely emit foul miasma when
                  | damaged in melee. [demonic ancestry]
   255 | D:1      | Reached XP level 2. HP: 21/22 MP: 2/2
   367 | D:1      | Found a faded altar of an unknown god.
   948 | D:2      | Gained mutation: You are surrounded by a mild repulsion
                  | field. (EV +2) [demonic ancestry]
   948 | D:2      | Reached XP level 3. HP: 24/27 MP: 3/3
  1206 | D:2      | Reached skill level 4 in Staves
  1577 | D:2      | Identified the +1 leather armour of the Wheelwright {rN+
                  | rCorr}
  1756 | D:3      | Identified the +2 pair of gloves of Biuseonea {-Cast -Tele
                  | rPois Str+8}
  1910 | D:3      | Noticed an ogre
  1922 | D:3      | Killed an ogre
  1923 | D:3      | Reached skill level 5 in Staves
  1923 | D:3      | Gained mutation: You regenerate a little health from kills.
                  | [demonic ancestry]
  1923 | D:3      | Reached XP level 4. HP: 19/33 MP: 4/4
  1923 | D:3      | Reached XP level 5. HP: 21/38 MP: 5/5
  1992 | D:3      | Noticed Terence
  2016 | D:3      | Killed Terence
  2515 | D:3      | Reached skill level 6 in Staves
  2624 | D:4      | You fall into a shaft and drop 2 floors!
  2625 | D:6      | Noticed a black bear
  2642 | D:6      | Killed a black bear
  2643 | D:6      | Reached XP level 6. HP: 24/44 MP: 6/6
  2730 | D:5      | Entered Level 5 of the Dungeon
  2777 | D:5      | Found a runed translucent door.
  2777 | D:5      | Noticed Pericco's ghost (amateur OgBe)
  2838 | D:4      | Found a hide-covered altar of Uskayaw.
  2937 | D:4      | Found a sacrificial altar of Ru.
  3115 | D:4      | Became a worshipper of Ru the Awakened
  3226 | D:4      | Found a hazy altar of Hepliaklqana.
  3486 | D:4      | Found a snail-covered altar of Cheibriados.
  3492 | D:4      | Reached skill level 7 in Staves
  3614 | D:5      | Gained mutation: You have a pair of small antennae on your
                  | head. [demonic ancestry]
  3614 | D:5      | Reached XP level 7. HP: 45/50 MP: 7/7
  3633 | D:5      | Found a bloodstained altar of Trog.
  3633 | D:5      | Found a radiant altar of Vehumet.
  3894 | D:5      | Reached skill level 8 in Staves
  4208 | D:5      | Found an ornate altar of the Wu Jian Council.
  4219 | D:5      | Gained mutation: You are sensitive to extremes of
                  | temperature. (rF-, rC-) [Ru sacrifice]
  4219 | D:5      | Reached * piety under Ru
  4219 | D:5      | Reached ** piety under Ru
  4386 | D:5      | Killed Pericco's ghost
  4536 | D:6      | Reached skill level 9 in Staves
  4536 | D:6      | Gained mutation: You have a pair of antennae on your head.
                  | [demonic ancestry]
  4536 | D:6      | Reached XP level 8. HP: 45/56 MP: 8/8
  4838 | D:6      | Reached skill level 10 in Staves
  4995 | D:6      | Found a staircase to the Ecumenical Temple.
  5284 | D:6      | Reached skill level 11 in Staves
  5485 | D:7      | Gained mutation: You regenerate health from kills. [demonic
                  | ancestry]
  5485 | D:7      | Reached XP level 9. HP: 30/61 MP: 9/9
  5618 | D:7      | Reached skill level 1 in Armour
  5747 | D:7      | Found a stormy altar of Qazlal.
  5918 | D:7      | Found a sparkling altar of Nemelex Xobeh.
  6272 | D:8      | Noticed Grum
  6314 | D:8      | Killed Grum
  6431 | D:8      | Reached skill level 12 in Staves
  6624 | D:8      | Identified the ring of Springtime {Fire Will+ MP-9 Int+4}
  6660 | D:8      | Reached skill level 5 in Fighting
  6668 | D:8      | Noticed Jeremiah
  6704 | D:8      | Killed Jeremiah
  6705 | D:8      | Gained mutation: You have a pair of large antennae on your
                  | head. (SInv) [demonic ancestry]
  6705 | D:8      | Reached XP level 10. HP: 41/70 MP: 10/10
  6715 | D:8      | Gained mutation: You cannot be stealthy. [Ru sacrifice]
  6715 | D:8      | Reached *** piety under Ru
  7022 | D:9      | Found a broken altar of Ashenzari.
  7292 | D:9      | Reached skill level 5 in Armour
  7571 | D:9      | Found a staircase to the Lair.
  7660 | Lair:1   | Entered Level 1 of the Lair of Beasts
  7663 | Lair:1   | Noticed a black mamba
  7680 | Lair:1   | Slain by a komodo dragon

Skill      XL: |  1  2  3  4  5  6  7  8  9 10 |
---------------+-------------------------------+-----
Staves         | 3 5 6 7 9 11 12 | 12.0
Armour         | 4 5 |  5.1
Fighting       | 5 6 |  6.2
Throwing       | |  1.7
Dodging        | |  2.9

Action                     |  1- 3 |  4- 6 |  7- 9 | 10-12 || total
---------------------------+-------+-------+-------+-------++-------
  Melee: Quarterstaff      |   136 |   141 |   351 |   103 ||   731
         Unarmed           |       |     8 |       |       ||     8
  Throw: Throwing net      |       |     4 |     1 |       ||     5
 Invoke: Sacrifice Resista |       |       |     1 |       ||     1
         Sacrifice Stealth |       |       |       |     1 ||     1
    Use: Scroll            |     4 |     3 |    10 |     2 ||    19
         Potion            |       |       |     7 |     2 ||     9
   Stab: Held in net/web   |       |     1 |     3 |       ||     4
         Distracted        |       |       |     1 |       ||     1
         Invisible         |       |       |     1 |     2 ||     3
 Armour: Chain mail        |    96 |    23 |       |       ||   119
         Plate armour      |       |    72 |   274 |    91 ||   437
         Skin              |       |       |     1 |       ||     1
  Dodge: Dodged            |    59 |    55 |   130 |    51 ||   295
  Block: Other             |     8 |    41 |    76 |    27 ||   152
         Reflection        |       |     1 |     2 |     1 ||     4
         Form:             |       |     1 |       |       ||     1
         Flux              |       |     1 |       |       ||     1

Levels and vault maps discovered:
D:1:      minmay_arrival_doors, layout_rooms, chequers_ecumenical_altar_grove,
          hangedman_decor_lopped, serial_bayou_pond_b
D:2:      layout_basic, serial_bayou_pond_a, kennysheep_generic_room_7
D:3:      layout_basic, grunt_ministairs_3, chequers_serial_rivers_micro_e,
          uniq_terence
D:4:      layout_rooms, mainiacjoe_overflow_alcove_1,
          mainiacjoe_overflow_six_doors_small, overflow_temple_1_default,
          nicolae_overflow_hidden_temple, minmay_fire_ice_demons
D:5:      layout_loops_cross, gammafunk_temple_overflow_statue,
          nicolae_wu_jian_immortal_techniques, gammafunk_ghost_grave
D:6:      layout_gridville, minmay_temple_entry_metal_lava
D:7:      layout_cave_pools, nicolae_qazlal_beasts_of_the_sky,
          nemelex_diamond_rough_becter
D:8:      layout_rooms, minmay_fractal_squares_gapless_5, uniq_jeremiah,
          uniq_grum
D:9:      layout_cave_pools, nicolae_ashenzari_skybound, lair_entry_dummy,
          minmay_misc_feat_doors
Lair:1:   layout_layer_cave, evilmike_ambush [evilmike_ambush_outer_doors,
          evilmike_ambush_inner_pond]
